 Dungeon Crawl Stone Soup version 0.30-a0-737-gf23d94013f (webtiles) character file.

Game seed: 11881423620459341912

980 EmilyW the Chopper (level 7, -15/61 HPs)
             Began as a Minotaur Fighter on Feb 1, 2023.
             Demolished by an ogre
             ... wielding a +0 giant club
              (26 damage)
             ... on level 6 of the Dungeon.
             The game lasted 00:15:41 (4558 turns).

EmilyW the Chopper (Minotaur Fighter)               Turns: 4558, Time: 00:15:42

Health: -15/61     AC: 11    Str: 20    XL:     7   Next: 96%
Magic:  6/6        EV:  7    Int:  5    God:
Gold:   212        SH:  5    Dex: 12    Spells: 6/6 levels left

rFire   + + .      SeeInvis .    a - +0 war axe
rCold   x . .      Faith    +    c - +0 buckler
rNeg    . . .      Spirit   .    x - +1 chain mail {rF+}
rPois   .          Reflect  .    (helmet restricted)
rElec   .          Harm     .    (no cloak)
rCorr   .          Rampage  .    (no gloves)
Will    +....                    (no boots) Stlth
                                 o - amulet of faith
HPRegen 0.30/turn                j - ring of fire
MPRegen 0.10/turn                g - ring of willpower

@: no status effects
A: horns 2, retaliatory headbutt
a: no special abilities


You were on level 6 of the Dungeon.
You visited 1 branch of the dungeon, and saw 6 of its levels.

You collected 212 gold pieces.

Inventory:

Hand Weapons
 a - a +0 war axe (weapon)
Armour
 c - a +0 buckler (worn)
 x - a +1 chain mail of fire resistance (worn)
Jewellery
 b - a ring of magical power
 g - a ring of willpower (right hand)
 j - a ring of fire (left hand)
 o - an amulet of faith (around neck)
 r - an amulet of the acrobat
Scrolls
 f - 2 scrolls of silence
 h - a scroll of enchant weapon {unknown}
 i - 2 scrolls of enchant armour
 t - a scroll of teleportation {unknown}
 u - a scroll of magic mapping {unknown}
 v - a scroll of poison {unknown}
 y - a scroll of noise {unknown}
Potions
 d - 2 potions of might
 e - 6 potions of curing
 k - 4 potions of brilliance
 l - 3 potions of heal wounds
 m - 2 potions of degeneration {unknown}
 n - a potion of mutation {unknown}
 p - a potion of ambrosia {unknown}
 q - a potion of invisibility {unknown}
 s - 3 potions of resistance
 z - 2 potions of haste {unknown}


   Skills:
 + Level 5.4 Fighting
 + Level 7.1 Axes
 + Level 2.5 Throwing
 + Level 6.5 Armour
 + Level 1.1 Dodging
 + Level 5.1 Shields


You had 6 spell levels left.
You didn't know any spells.
Your spell library contained the following spells:

 Spells                   Type           Power      Damage    Failure   Level
 Summon Guardian Golem    Hex/Summ       0%         N/A       100%        3
 Orb of Destruction       Conj           0%         9d5       100%        7
 Spellforged Servitor     Conj/Summ      0%         N/A       100%        7


Dungeon Overview and Level Annotations

Branches:
Dungeon (6/15)
 Temple: D:4-7

Altars:
Cheibriados
Dithmenos
Fedhas
Gozag
Trog
Uskayaw
Xom
Zin

Shops:
D:1 =   D:2 *


Innate Abilities, Weirdness & Mutations

You have a pair of horns on your head.
You reflexively headbutt those who attack you in melee.


Message History

The hound barely misses you. x2
You hit the hound.
The hound is almost dead.
You block the hound's attack. The hound barely misses you.
You furiously retaliate!
You headbutt the hound. You slash the hound!
You kill the hound!
You see here a hound corpse.
You start resting.
HP restored.
w - a poisoned dart An ogre comes into view.
It is wielding a +0 giant club.
The ogre shouts!
Throw: dart (poison)
Press: ? - help, Q - select action Shift-Dir - straight line, f - ogre
Aim: an ogre, wielding a +0 giant club (75% to hit)
You throw a poisoned dart. The poisoned dart hits the ogre.
The ogre is poisoned.
Found 4 stones.
You hit the ogre.
The ogre is moderately wounded.
The ogre looks more healthy.
The ogre hits you with a +0 giant club!!
You hit the ogre.
The ogre is heavily wounded.
The ogre hits you with a +0 giant club.
You completely miss the ogre. You headbutt the ogre.
The ogre is heavily wounded.
You hit the ogre.
You headbutt the ogre, but do no damage.
The ogre is heavily wounded.
The ogre hits you with a +0 giant club!
You barely miss the ogre.
The ogre is heavily wounded.
The ogre hits you with a +0 giant club!
* * * LOW HITPOINT WARNING * * *
You closely miss the ogre.
The ogre is heavily wounded.
The ogre hits you with a +0 giant club!!
You die...

............#......#...
#.###.###...#..........
#.###..†#......#...
...................#
######.........##..#
##..###.#.##..#
#.............
.....##..#.##..#.
.........@.......
#.##..##..#O#...#.
................#
...(...........
#...#..#.#.(.#
.............#
.......#.# #.# .. ....
.. ..


You could see an ogre.

Vanquished Creatures
  2 ogres
  3 necrophages
  2 scorpions
  A howler monkey (D:5)
  A jelly (D:4)
  5 hounds
  An iguana (D:5)
  An orc priest (D:4)
  2 orc wizards (D:4)
  3 gnolls (D:5)
  8 adders
  2 worms (D:2)
  3 dart slugs
  10 orcs
  5 endoplasms
  4 giant cockroaches
  8 goblins
  8 hobgoblins
  3 jackals (D:2)
  3 kobolds
  2 quokkas (D:1)
  4 ball pythons
  5 bats
  4 frilled lizards
90 creatures vanquished.

Notes
Turn   | Place    | Note
-------+----------+-------------------------------------------
     0 | D:1      | EmilyW the Minotaur Fighter began the quest for the Orb.
     0 | D:1      | Reached XP level 1. HP: 19/19 MP: 0/0
    88 | D:1      | Found Xygost's Jewellery Boutique.
   246 | D:1      | Reached XP level 2. HP: 26/27 MP: 1/1
   887 | D:1      | Reached XP level 3. HP: 33/33 MP: 2/2
  1055 | D:2      | Found Pelugh's Assorted Antiques.
  1111 | D:2      | Reached skill level 3 in Axes
  1216 | D:2      | Reached XP level 4. HP: 40/41 MP: 3/3
  1632 | D:3      | Found a snail-covered altar of Cheibriados.
  1633 | D:3      | Found a blossoming altar of Fedhas.
  1633 | D:3      | Found a shadowy altar of Dithmenos.
  1635 | D:3      | Found an opulent altar of Gozag.
  1636 | D:3      | Found a hide-covered altar of Uskayaw.
  1636 | D:3      | Found a shimmering altar of Xom.
  1637 | D:3      | Found a bloodstained altar of Trog.
  1638 | D:3      | Found a glowing silver altar of Zin.
  2283 | D:4      | Noticed a scorpion
  2290 | D:4      | Killed a scorpion
  2291 | D:4      | Reached skill level 4 in Axes
  2291 | D:4      | Reached XP level 5. HP: 45/47 MP: 4/4
  2385 | D:4      | Noticed an ogre
  2392 | D:4      | Killed an ogre
  2393 | D:4      | Reached skill level 1 in Throwing
  2393 | D:4      | Reached skill level 5 in Armour
  2539 | D:4      | Reached skill level 5 in Axes
  2539 | D:4      | Reached XP level 6. HP: 16/53 MP: 5/5
  3064 | D:4      | Reached skill level 1 in Dodging
  3593 | D:5      | Entered Level 5 of the Dungeon
  3664 | D:5      | Reached XP level 7. HP: 13/60 MP: 6/6
  3667 | D:5      | Reached skill level 5 in Fighting
  3667 | D:5      | Reached skill level 5 in Shields
  3908 | D:5      | Reached skill level 6 in Axes
  4469 | D:6      | Reached skill level 7 in Axes
  4558 | D:6      | Demolished by an ogre

Illustrated notes

Levels and vault maps discovered:
D:1:      minmay_arrival_nine_rooms, layout_basic, serial_shops, shop_fountains
D:2:      layout_basic, serial_shops, nicolae_shop_crystal
D:3:      layout_basic, grunt_temple_overflow_open, wad_orctagon
D:4:      layout_basic
D:5:      layout_gridville, amcnicky_mini_pool_small
D:6:      layout_basic, general_overflow_altar

Skill      XL: |  1  2  3  4  5  6  7 |
---------------+----------------------+-----
Armour         | 4 5 6 |  6.5
Fighting       | 4 5 |  5.4
Shields        | 4 5 |  5.1
Axes           | 3 4 5 7 |  7.1
Throwing       | 1 2 |  2.5
Dodging        | 1 |  1.1

Action                     |  1- 3 |  4- 6 |  7- 9 || total
---------------------------+-------+-------+-------++-------
  Melee: War axe           |    78 |   100 |    51 ||   229
         Headbutt          |    11 |    16 |     7 ||    34
  Throw: Dart              |       |    16 |     5 ||    21
         Boomerang         |       |     4 |    12 ||    16
    Use: Scroll            |     2 |     3 |     2 ||     7
 Armour: Scale mail        |    34 |    28 |       ||    62
         Chain mail        |       |    25 |    27 ||    52
  Dodge: Dodged            |    37 |    52 |    18 ||   107
  Block: Buckler           |    15 |    27 |     8 ||    50

Table legend: (Time is in decaauts)
 A = Elapsed time spent in this place.
 B = Non-inter-level travel time spent in this place.
 C = Inter-level travel time spent in this place.
 D = Time resting spent in this place.
 E = Time spent auto-exploring this place.
 F = Levels seen in this place.
 G = Mean time per level.
                   A        B        C        D        E       F      G
               +--------+--------+--------+--------+--------+-----+--------+
         Total |   4630 |   4421 |    209 |    601 |   2474 |   6 |  771.7 |
       Dungeon |   4630 |   4421 |    209 |    601 |   2474 |   6 |  771.7 |
               +--------+--------+--------+--------+--------+-----+--------+

Top non-repeatable levels by time:
     D:4: 1345 daAuts
     D:1: 1004 daAuts
     D:5: 870 daAuts
     D:3: 784 daAuts
     D:2: 512 daAuts
     D:6: 113 daAuts
